 Dungeon Crawl Stone Soup version 0.32-a0-699-g1ee5eff69a (webtiles) character file.

Game seed: 13203948168863544269

28 Aldia the Firebug (level 2, 20/20 HPs)
             Began as a Demigod Fire Elementalist on Mar 13, 2024.
             Quit the game on level 1 of the Dungeon.
             The game lasted 00:01:07 (962 turns).

Aldia the Firebug (Demigod Fire Elementalist)        Turns: 962, Time: 00:01:08

Health: 20/20      AC:  2    Str:  9    XL:     2   Next: 78%
Magic:  7/7        EV: 11    Int: 17    God:
Gold:   62         SH:  0    Dex: 14    Spells: 2/5 levels left

rFire   . . .        c - +0 dagger
rCold   . . .        (no shield)
rNeg    . . .        a - +0 robe
rPois   .            (no helmet)
rElec   .            (no cloak)
rCorr   .            (no gloves)
SInv    .            (no boots)
Will    .....        (no amulet)
Stlth   ++           (no ring)
HPRegen 0.23/turn    (no ring)
MPRegen 0.10/turn

%: no passive effects
@: no status effects
A: high MP 1, forlorn, divine attributes
a: no special abilities


You were on level 1 of the Dungeon.
You visited 1 branch of the dungeon, and saw 1 of its levels.

You collected 62 gold pieces.

Inventory:

Hand Weapons
 c - a +0 dagger (weapon)
Armour
 a - a +0 robe (worn)
Scrolls
 d - 4 scrolls of identify {unknown}
Potions
 b - a potion of magic
 e - a potion of enlightenment {unknown}
 f - 2 potions of curing {unknown}
 g - a potion of mutation {unknown}
 h - a potion of brilliance {unknown}


   Skills:
 - Level 1.7 Dodging
 + Level 2.2 Stealth
 + Level 2.0 Spellcasting
 + Level 1.3 Conjurations
 * Level 3.1 Fire Magic


You had 2 spell levels left.
You knew the following spells:

 Your Spells              Type           Power      Damage    Failure   Level
a - Foxfire               Conj/Fire      36%        2x1d5     8%          1
b - Scorch                Fire           24%        2d6       8%          2

Your spell library contained the following spells:

 Spells                   Type           Power      Damage    Failure   Level
 Ensorcelled Hibernation  Hex/Ice        2%         N/A       28%         2
 Inner Flame              Hex/Fire       7%         N/A       30%         3
 Volatile Blastmotes      Fire/Tloc      14%        2d11      30%         3
 Passwall                 Erth           1%         N/A       50%         3
 Swiftness                Air            1%         N/A       50%         3
 Tukima's Dance           Hex            1%         N/A       50%         3
 Flame Wave               Conj/Fire      9%         2d6       58%         4
 Animate Armour           Summ/Erth      2%         N/A       88%         4
 Leda's Liquefaction      Alch/Erth      0%         N/A       88%         4
 Petrify                  Alch/Erth      1%         N/A       88%         4


Dungeon Overview and Level Annotations

Branches:
Dungeon (1/15)


Innate Abilities, Weirdness & Mutations

You have an increased reservoir of magic. (+10% MP)
You shall have no god before yourself.
Your divine heritage dramatically boosts your attributes as you level up.


Message History

The jackal barely misses you.
You closely miss the jackal.
The jackal is severely wounded.
The jackal bites you but does no damage.
You conjure some foxfire!
The jackal bites you but does no damage.
The jackal bites you.
You hit the jackal but do no damage.
The jackal is severely wounded.
The foxfire hits the jackal.
You kill the jackal!
No target in view!
No target in view!
No target in view!
Your foxfire dissipates!
You now have 34 gold pieces (gained 9).
You see here a jackal corpse.
You see here a jackal corpse.
You now have 43 gold pieces (gained 9).
You pick up a book of Burglary and begin reading...
You add the spells Ensorcelled Hibernation, Swiftness and Passwall to your library.
You now have 50 gold pieces (gained 7).
h - a blue potion
Okay, then.
You open the door.
There is an open door here.
Found a dagger.
You open the door.
You see here a hobgoblin skeleton.
Found a hand axe.
Found a ring mail.
You see here a +0 ring mail.
You now have 62 gold pieces (gained 12).
There is a shaft here.
An endoplasm comes into view.
An endoplasm is nearby!
An endoplasm is nearby!
An endoplasm is nearby!
An endoplasm is nearby!
Are you sure you want to abandon this character and quit the game? (Confirm with "yes".)

....# ....# ....#
....# ##### ### ..
######.####.#
...J........#
#############@#
#......^......#
####.#############
.....# ######


You could see an endoplasm (asleep).

Vanquished Creatures
  A ball python (D:1)
  4 endoplasms (D:1)
  A giant cockroach (D:1)
  3 goblins (D:1)
  4 hobgoblins (D:1)
  4 jackals (D:1)
  A kobold (D:1)
  3 bats (D:1)
  A rat (D:1)
22 creatures vanquished.

Vanquished Creatures (others)
  33 foxfires (D:1)
33 creatures vanquished.

Grand Total: 55 creatures vanquished

Notes
Turn   | Place    | Note
-------+----------+-------------------------------------------
     0 | D:1      | Aldia the Demigod Fire Elementalist began the quest for the
                  | Orb.
     0 | D:1      | Reached XP level 1. HP: 14/14 MP: 5/5
    69 | D:1      | Reached skill level 1 in Conjurations
   169 | D:1      | Reached XP level 2. HP: 20/20 MP: 4/7
   172 | D:1      | Learned a level 2 spell: Scorch
   200 | D:1      | Got the Treatise on Tephra and Mischance
   266 | D:1      | Reached skill level 3 in Fire Magic
   962 | D:1      | Quit the game

Illustrated notes

Levels and vault maps discovered:
D:1:      minmay_arrival_doors, layout_basic, ebering_ecumenical_altar_box

Skill      XL: |  1  2 |
---------------+-------+-----
Conjurations   | 1 |  1.3
Stealth        | 2 |  2.2
Fire Magic     | 3 |  3.1
Spellcasting   | 2 |  2.0
Dodging        | |  1.7

Action                     || total
---------------------------++-------
  Melee: Unarmed           ||     6
         Dagger            ||    21
   Cast: Foxfire           ||    18
         Scorch            ||     5
   Stab: Sleeping          ||     2
 Armour: Robe              ||    14
  Dodge: Dodged            ||    20

Table legend: (Time is in decaauts)
 A = Elapsed time spent in this place.
 B = Non-inter-level travel time spent in this place.
 C = Inter-level travel time spent in this place.
 D = Time resting spent in this place.
 E = Time spent auto-exploring this place.
 F = Levels seen in this place.
 G = Mean time per level.
                   A        B        C        D        E       F      G
               +--------+--------+--------+--------+--------+-----+--------+
         Total |    961 |    961 |      0 |      0 |    837 |   1 |  961.0 |
       Dungeon |    961 |    961 |      0 |      0 |    837 |   1 |  961.0 |
               +--------+--------+--------+--------+--------+-----+--------+

Top non-repeatable levels by time:
     D:1: 961 daAuts
